 Dungeon Crawl Stone Soup version 0.29-a0-474-gdfe5cd140f (webtiles) character file.

Game seed: 1701604116168594167

235 siradein the Cudgeller (level 6, -5/51 HPs)
             Began as a Ghoul Fighter on May 24, 2022.
             Slain by a wight
             ... wielding a +0 long sword
              (7 damage)
             ... on level 4 of the Dungeon.
             The game lasted 00:13:26 (3406 turns).

siradein the Cudgeller (Ghoul Fighter)              Turns: 3406, Time: 00:13:26

Health: -5/51      AC: 11    Str: 22    XL:     6   Next: 5%
Magic:  5/5        EV:  5    Int:  3    God:
Gold:   235        SH:  4    Dex:  8    Spells: 5/5 levels left

rFire   . . .      SeeInvis .   a - +0 flail
rCold   + + .      Faith    .   c - +0 buckler
rNeg    + + +      Spirit   .   g - +0 plate armour
rPois   ∞          Reflect  .   (no helmet)
rElec   .          Harm     .   (no cloak)
rCorr   .          Rampage  .   (no gloves)
Will    .....                   (no boots)
Stlth   ..........              (no amulet)
HPRegen 0.00/turn               l - ring of protection from cold
MPRegen 0.09/turn               (no ring)

@: inhibited regen
A: claws 1, cold resistance 1, negative energy resistance 3, inhibited
regeneration, torment resistance 2, devour on kill
a: no special abilities


You were on level 4 of the Dungeon.
You visited 1 branch of the dungeon, and saw 4 of its levels.

You collected 261 gold pieces.
You spent 26 gold pieces at shops.

Inventory:

Hand Weapons
 a - a +0 flail (weapon)
Missiles
 e - 4 atropa-tipped darts (quivered)
 m - 2 curare-tipped darts
Armour
 c - a +0 buckler (worn)
 g - a +0 plate armour (worn)
Jewellery
 l - a ring of protection from cold (left claw)
Scrolls
 i - a scroll of teleportation
 k - 2 scrolls of magic mapping {unknown}
Potions
 b - 2 potions of magic
 d - a potion of might
 f - 4 potions of curing
 h - a potion of ambrosia {unknown}
 j - 2 potions of haste {unknown}
 n - a potion of heal wounds {unknown}
 o - a potion of lignification {unknown}


   Skills:
 - Level 3.2 Fighting
 + Level 5.6 Maces & Flails
 - Level 2.6 Armour
 - Level 2.6 Shields


You had 5 spell levels left.
You didn't know any spells.
Your spell library contained the following spells:

 Spells                   Type           Power      Damage    Failure   Level
 Summon Small Mammal      Summ           0%         N/A       100%        1
 Call Canine Familiar     Summ           0%         N/A       100%        3
 Summon Guardian Golem    Hex/Summ       0%         N/A       100%        3


Dungeon Overview and Level Annotations

Branches:
Dungeon (4/15)
 Temple: D:4-7

Altars:
Ru

Shops:
D:2 *


Innate Abilities, Weirdness & Mutations

You are immune to poison.
You have sharp fingernails.
Your flesh is cold resistant. (rC+)
You are immune to negative energy. (rN+++)
You do not regenerate when monsters are visible.
You are immune to unholy pain and torment.
You thrive by killing the living.


Message History

A worm comes into view.
Found a bubbling dark potion and a pink potion.
A worm is nearby!
A wight comes into view.
It is wielding a +0 long sword and quivering poisoned darts.
The wight throws a poisoned dart.
The poisoned dart hits you!
The wight throws a poisoned dart.
The poisoned dart closely misses you.
Things that are here:
a +0 short sword; an adder corpse The wight throws a poisoned dart.
The poisoned dart barely misses you.
You barely miss the wight.
A wight comes into view. It is wielding a +3 long sword.
The wight hits you with a +0 long sword!
You barely miss the wight.
The wight hits you with a +0 long sword!
You barely miss the wight.
The wight hits you with a +0 long sword.
You barely miss the wight. The wight hits you but does no damage.
You closely miss the wight. You block the wight's attack.
You sock the wight!
The wight is severely damaged.
The wight barely misses you.
The wight hits you with a +0 long sword!
You hit the wight.
The wight is almost destroyed.
You block the wight's attack.
You barely miss the wight.
The wight is almost destroyed.
The wight hits you with a +0 long sword.
You barely miss the wight.
The wight is almost destroyed.
The wight hits you with a +0 long sword!
* * * LOW HITPOINT WARNING * * *
You hit the wight but do no damage.
The wight is almost destroyed.
The wight hits you with a +0 long sword.
* * * LOW HITPOINT WARNING * * *
You barely miss the wight.
The wight is almost destroyed.
The wight hits you with a +0 long sword!
You die...

#..#.# ...... #....#
...... #...## ......
#(#.## ...... #....#
##### #### ####.# .....
#.#########
......#########.........#
......'.@zz..)...|.......
......##########.######..
..... ####..#####.. ....
#.........#.. ...
#.........#.. ..
#.........##. .
#.........##.
#.........##. #.........#


You could see 2 wights.

Vanquished Creatures
  A phantom (D:4)
  8 adders
  A shadow imp (D:3)
  An ufetubus (D:3)
  2 dart slugs
  An orc (D:4)
  7 ball pythons
  7 endoplasms
  6 giant cockroaches
  5 goblins
  10 hobgoblins
  2 quokkas (D:1)
  8 bats
  4 frilled lizards
  4 kobolds
  3 rats
70 creatures vanquished.

Vanquished Creatures (others)
  11 plants (D:1)
11 creatures vanquished.

Grand Total: 81 creatures vanquished

Notes
Turn   | Place    | Note
-------+----------+-------------------------------------------
     0 | D:1      | siradein the Ghoul Fighter began the quest for the Orb.
     0 | D:1      | Reached XP level 1. HP: 19/19 MP: 0/0
    21 | D:1      | Reached skill level 2 in Maces & Flails
   281 | D:1      | Reached XP level 2. HP: 25/26 MP: 1/1
   650 | D:1      | Reached skill level 3 in Maces & Flails
   693 | D:1      | Reached XP level 3. HP: 29/31 MP: 2/2
  1165 | D:2      | Found a sacrificial altar of Ru.
  1325 | D:2      | Found Diorugoc's General Store.
  1390 | D:2      | Bought a scroll of identify for 26 gold pieces
  1523 | D:2      | Reached XP level 4. HP: 32/38 MP: 3/3
  1619 | D:2      | Identified the +1 leather armour of Uroephotwa {rPois rF+
                  | Dex-2 SInv}
  1646 | D:2      | Identified the +1 leather armour of Disaster {Int+4}
  1860 | D:2      | Reached skill level 4 in Maces & Flails
  2040 | D:2      | Found a faded altar of an unknown god.
  2510 | D:3      | Reached XP level 5. HP: 45/45 MP: 4/4
  2970 | D:4      | Noticed a phantom
  3015 | D:4      | Killed a phantom
  3016 | D:4      | Reached skill level 5 in Maces & Flails
  3266 | D:4      | Reached XP level 6. HP: 46/51 MP: 5/5
  3405 | D:4      | HP: 2/51 [wight/+0 long sword (2)]
  3406 | D:4      | Slain by a wight

Illustrated notes

Levels and vault maps discovered:
D:1:      roderic_crop_circles_arrival_large, layout_basic
D:2:      layout_loops_ring, ebering_ecumenical_altar_sacrificial, serial_shops,
          shop_coins, basic_altar, chequers_serial_rivers_room_a, st_stairs_2,
          kennysheep_generic_room_6
D:3:      layout_basic
D:4:      layout_basic, minmay_temple_entry_nine_rooms

Skill      XL: |  1  2  3  4  5 |
---------------+----------------+-----
Maces & Flails | 2 3 4 5 |  5.6
Fighting       | |  3.2
Armour         | |  2.6
Shields        | |  2.6

Action                   |  1- 3 |  4- 6 || total
-------------------------+-------+-------++-------
Melee: Flail             |   132 |   155 ||   287
  Use: Scroll            |     2 |     2 ||     4
Armor: Scale mail        |     4 |       ||     4
       Plate armour      |    63 |   104 ||   167
Dodge: Dodged            |    27 |    39 ||    66
Block: Buckler           |    33 |    24 ||    57

Table legend: (Time is in decaauts)
 A = Elapsed time spent in this place.
 B = Non-inter-level travel time spent in this place.
 C = Inter-level travel time spent in this place.
 D = Time resting spent in this place.
 E = Time spent auto-exploring this place.
 F = Levels seen in this place.
 G = Mean time per level.
                   A        B        C        D        E       F      G
               +--------+--------+--------+--------+--------+-----+--------+
         Total |   3475 |   3351 |    124 |      0 |   2588 |   4 |  868.8 |
       Dungeon |   3475 |   3351 |    124 |      0 |   2588 |   4 |  868.8 |
               +--------+--------+--------+--------+--------+-----+--------+

Top non-repeatable levels by time:
     D:1: 1188 daAuts
     D:2: 1160 daAuts
     D:3: 666 daAuts
     D:4: 459 daAuts
